Map: Echo LE (Void)

Players

DragonKnight

  • Race: Protoss Protoss

Bop - Winner!

  • Race: Protoss Protoss

VOD

Have the link to the VOD?

Description

Time

  • Played on: May 3, 2015, 12:17 a.m.
  • Length: 11:35
Show
View Real Time Build Order
Export as new Build Order

DragonKnight Protoss 

Build Orders: 2 Gate Stalker, Disruptor Archon 

Get SALT Encoding   

  12  0:01  Probe  
  13  0:13  Probe  
  14  0:27  Pylon  
  14  0:45  Probe  
  14  0:47  Gateway  
  14  0:49  Gateway  
  15  0:56  Assimilator  
  15  0:57  Probe  
  16  1:09  Probe  
  17  1:20  Pylon  
  17  1:21  Probe  
  18  1:28  Assimilator  
  18  1:41  Cybernetics Core  
  18  1:47  Probe (Chrono Boost)  
  19  1:58  Probe (Chrono Boost)  
  20  2:04  Probe  
  21  2:16  Probe  
  21  2:21  Stalker x2, Warp Gate  
  26  2:28  Pylon  
  26  2:30  Forge  
  26  2:34  Mothership Core  
  28  2:55  Probe  
  29  3:05  Stalker x2, Photon Cannon  
  33  3:21  Probe (Chrono Boost)  
  33  3:25  Protoss Ground Weapons Level 1 (Chrono Boost)  
  34  3:30  Pylon  
  34  3:31  Probe (Chrono Boost)  
  35  4:05  Photon Cannon  
  35  4:09  Probe  
  36  4:10  Robotics Facility  
  36  4:21  Gateway  
  36  4:37  Probe  
  37  4:45  Nexus  
  37  4:49  Probe  
  38  5:02  Probe, Observer (Chrono Boost)  
  40  5:13  Pylon  
  40  5:14  Probe  
  41  5:16  Pylon, Protoss Ground Armor Level 1 (Chrono Boost)  
  41  5:19  Observer  
  42  5:26  Probe  
  43  5:30  Stalker, Pylon  
  45  5:42  Stalker  
  47  5:43  Stalker  
  47  5:46  Probe  
  50  5:57  Probe  
  50  5:58  Probe  
  52  6:09  Probe  
  52  6:10  Probe  
  54  6:17  Twilight Council  
  53  6:21  Stalker x2  
  53  6:22  Stalker  
  53  6:23  Probe x2  
  53  6:25  Assimilator  
  61  6:27  Assimilator  
  61  6:35  Probe x2  
  63  6:45  Stalker x2  
  63  6:46  Stalker  
  69  6:48  Probe x2 (Chrono Boost)  
  71  7:00  Probe x2 (Chrono Boost)  
  73  7:09  Stalker x3  
  79  7:19  Pylon  
  79  7:30  Nexus  
  79  7:32  Stalker  
  79  7:33  Stalker  
  83  7:43  Probe x2  
  85  7:45  Pylon x2  
  85  7:48  Pylon  
  85  7:49  Immortal  
  89  8:04  Forge  
  88  8:09  Photon Cannon  
  88  8:11  Stalker  
  88  8:12  Stalker  
  92  8:18  Protoss Ground Weapons Level 2 (Chrono Boost)  
  90  8:39  Photon Cannon  
  86  8:45  Probe x3  
  82  8:50  Templar Archives  
  82  8:54  Observer  
  83  8:57  Probe x2 (Chrono Boost)  
  83  8:58  Probe (Chrono Boost)  
  86  9:05  Protoss Ground Armor Level 2 (Chrono Boost)  
  86  9:07  Probe x3 (Chrono Boost)  
  89  9:14  Probe x3  
  89  9:16  Robotics Bay  
  92  9:24  Assimilator  
  92  9:26  Probe x2, Assimilator  
  94  9:33  Probe  
  96  9:38  Probe x2  
  97  9:48  Nexus  
  97  9:51  Assimilator  
  97  9:55  Gateway, Assimilator  
  97  9:57  High Templar x3  
  97  9:58  Gateway  
  97  9:59  Pylon  
  103  10:01  Gateway  
  103  10:05  Archon  
  107  10:20  Disruptor (Chrono Boost)  
  73  10:32  High Templar x3  
  75  10:40  Archon  
  75  10:46  Probe  
Show
View Real Time Build Order
Export as new Build Order

Bop Protoss - Winner!

Build Orders: Oracle Opening, Oracle Opening, Phoenix Opening, Disruptor Archon 

Get SALT Encoding   

  12  0:00  Probe  
  13  0:14  Pylon  
  13  0:18  Probe  
  14  0:32  Probe (Chrono Boost)  
  14  0:34  Gateway  
  15  0:42  Probe (Chrono Boost)  
  16  0:47  Assimilator  
  17  0:50  Probe  
  17  0:52  Assimilator  
  17  1:02  Probe  
  18  1:07  Pylon  
  18  1:14  Probe (Chrono Boost)  
  19  1:21  Cybernetics Core  
  19  1:24  Probe (Chrono Boost)  
  20  1:31  Probe  
  21  1:43  Probe, Pylon  
  22  1:55  Probe (Chrono Boost)  
  22  1:58  Stargate  
  23  2:03  Adept  
  23  2:07  Probe (Chrono Boost)  
  26  2:15  Gateway, Probe (Chrono Boost)  
  27  2:24  Probe  
  28  2:36  Mothership Core  
  30  2:47  Oracle (Chrono Boost)  
  33  2:52  Adept  
  34  3:04  Nexus  
  34  3:13  Adept  
  34  3:19  Phoenix  
  38  3:34  Pylon  
  38  3:52  Phoenix  
  40  3:59  Probe (Chrono Boost)  
  41  4:04  Twilight Council  
  41  4:09  Probe (Chrono Boost)  
  42  4:13  Gateway, Assimilator  
  42  4:16  Probe  
  43  4:18  Probe  
  44  4:28  Probe  
  45  4:35  Probe  
  46  4:39  Warp Gate (Chrono Boost)  
  46  4:40  Probe  
  46  4:43  Charge (Chrono Boost)  
  47  4:47  Probe  
  47  4:52  Probe (Chrono Boost), Assimilator  
  50  5:00  Probe (Chrono Boost)  
  50  5:05  Probe (Chrono Boost)  
  50  5:06  Robotics Facility  
  51  5:10  Probe (Chrono Boost)  
  51  5:12  Pylon  
  51  5:13  Probe (Chrono Boost)  
  53  5:17  Probe (Chrono Boost)  
  54  5:22  Probe (Chrono Boost)  
  54  5:24  Pylon  
  56  5:28  Probe (Chrono Boost)  
  56  5:48  Gateway  
  56  5:50  Gateway  
  56  5:52  Probe x2  
  56  5:53  Forge  
  56  5:56  Observer (Chrono Boost)  
  59  6:04  Probe x2  
  59  6:05  Robotics Bay  
  59  6:10  Observer (Chrono Boost)  
  62  6:16  Probe  
  63  6:26  Protoss Ground Weapons Level 1 (Chrono Boost)  
  63  6:27  Zealot x3  
  69  6:35  Nexus  
  69  6:42  Pylon  
  73  6:56  Zealot  
  73  7:00  Disruptor (Chrono Boost), Pylon  
  75  7:04  Pylon  
  75  7:08  Probe x2 (Chrono Boost)  
  77  7:14  Photon Cannon  
  77  7:16  Photon Cannon  
  77  7:18  Probe x2 (Chrono Boost)  
  77  7:20  Assimilator  
  77  7:22  Assimilator  
  79  7:25  Probe x2 (Chrono Boost), Photon Cannon  
  79  7:26  Templar Archives  
  83  7:37  Probe x2 (Chrono Boost)  
  83  7:42  Zealot x3  
  93  7:45  Probe (Chrono Boost), Disruptor (Chrono Boost)  
  94  7:57  Disruptor  
  94  8:05  Disruptor  
  94  8:06  High Templar x4  
  94  8:11  Gateway x2  
  94  8:12  Archon x2  
  106  8:25  Disruptor (Chrono Boost)  
  106  8:30  Gateway  
  106  8:31  Gateway  
  106  8:33  Gateway  
  106  8:43  Zealot  
  106  8:47  Protoss Ground Weapons Level 2 (Chrono Boost)  
  106  9:09  Pylon x2  
  106  9:10  Pylon  
  106  9:11  Robotics Facility  
  106  9:23  Dark Shrine  
  106  9:27  Probe x3, Forge  
  113  9:33  Zealot x3  
  113  9:34  Disruptor, Zealot x5  
  129  9:40  Pylon  
  129  9:41  Disruptor x3  
  129  9:42  Pylon  
  129  10:00  Adept x6  
  129  10:01  Adept  
  143  10:10  Disruptor x3  
  143  10:22  High Templar  
  143  10:23  Shield Upgrade  
  143  10:26  Pylon  
  143  10:28  Pylon x2  
  137  10:36  Disruptor x3  
  137  10:40  High Templar x5  
  145  10:49  Archon  
  139  10:50  Archon  
  139  10:53  Zealot x4  
  153  10:59  Disruptor x2 (Chrono Boost)  
  151  11:14  Zealot  
  151  11:15  Zealot x6  
  163  11:20  High Templar x3  
  163  11:22  Nexus, Pylon  
  163  11:24  Pylon  
  169  11:35  Pylon  
Tags
 
Add a new tag
Caveats
  • Supply blocks, unpowered buildings, or Contaminate may cause inaccurate times.
  • Supply counts are checked every 10 seconds.